 Dungeon Crawl Stone Soup version 0.24.0-13-gcf9b319 (webtiles) character file.

Game seed: 13785596755937851216, levelgen mode: deterministic

54 Doobh the Insei (level 3, 0/26 HPs)
             Began as a Demonspawn Transmuter on Dec 30, 2019.
             Slain by a worm (12 damage)
             ... on level 2 of the Dungeon.
             The game lasted 00:05:09 (1767 turns).

Doobh the Insei (Demonspawn Transmuter)             Turns: 1767, Time: 00:05:10

Health: 0/26       AC:  2    Str: 11    XL:     3   Next: 66%
Magic:  5/6        EV: 14    Int: 14    God:
Gold:   73         SH:  0    Dex: 13    Spells: 6/7 levels left

rFire    + . .     SeeInvis .     - Unarmed
rCold    . . .     Gourm    .   (no shield)
rNeg     . . .     Faith    .   b - +0 robe
rPois    .         Spirit   .   (no helmet)
rElec    .         Reflect  .   (no cloak)
rCorr    .         Harm     .   (no gloves)
MR       .....                  (no boots)
Stlth    ++........             (no amulet)
HPRegen  0.08/turn              (no ring)
MPRegen  0.10/turn              (no ring)

@: appendage (expiring)
A: horns 2, repulsion field 1, fire resistance 1
a: End Transformation


You were on level 2 of the Dungeon.
You were not hungry.
You had grown temporary horns.
You visited 1 branch of the dungeon, and saw 2 of its levels.

You collected 73 gold pieces.

Inventory:

Missiles
 a - 12 arrows
Armour
 b - a +0 robe (worn)
Jewellery
 i - a +5 ring of dexterity {unknown}
 r - an uncursed ring of fire {unknown}
 s - a cursed ring of attention {unknown}
Scrolls
 c - 3 scrolls of amnesia {unknown}
 e - a scroll of magic mapping {unknown}
 f - 3 scrolls of remove curse {unknown}
 j - a scroll of immolation {unknown}
 k - a scroll of identify {unknown}
 m - a scroll of fog {unknown}
 n - a scroll of teleportation {unknown}
Potions
 g - a potion of resistance {unknown}
 h - a potion of curing
 l - a potion of invisibility {unknown}
 o - a potion of magic {unknown}
 q - a potion of ambrosia {unknown}
Comestibles
 d - 2 rations


   Skills:
 + Level 1.5 Fighting
 + Level 0.9 Armour
 + Level 2.0 Dodging
 + Level 0.8 Stealth
 + Level 2.8 Unarmed Combat
 * Level 2.5 Spellcasting
 + Level 2.1 Transmutations


You had 6 spell levels left.
You knew the following spells:

 Your Spells              Type           Power        Failure   Level  Hunger
a - Beastly Appendage     Tmut           #.....       10%         1    #......

Your spell library contained the following spells:

 Spells                   Type           Power        Failure   Level  Hunger
 Sticks to Snakes         Tmut           #.......     14%         2    ###....
 Spider Form              Tmut/Pois      #.........   41%         3    ###....
 Ice Form                 Ice/Tmut       #.......     82%         4    #####..
 Blade Hands              Tmut           #.........   95%         5    ######.


Dungeon Overview and Level Annotations

Branches:
Dungeon (2/15)

Altars:


Innate Abilities, Weirdness & Mutations

You are surrounded by a mild repulsion field. (EV +2)
Your flesh is heat resistant. (rF+)
You have a pair of horns on your head.


Message History

Casting: Beastly Appendage (safe; 10% risk of failure)
Confirm with . or Enter, or press ? or * to list all spells.
You grow a pair of large bovine horns.
You hit the worm but do no damage. You headbutt the worm.
The worm is lightly wounded.
You hit the worm. You headbutt the worm.
The worm is moderately wounded.
The worm misses you.
You hit the worm but do no damage.
The worm is lightly wounded.
You hit the worm.
The worm is moderately wounded.
The worm bites you!
You hit the worm but do no damage.
The worm is lightly wounded.
You hit the worm. Your headbutt misses the worm.
The worm is heavily wounded.
Your transformation is almost over.
The worm bites you!
You die...

...####.####..## .###
#....#...# .#
####.##..# .##
#.....## ..##
###....### #. #..#
###.....###... ##.###
###...........#
#...####...###.w..####
##....##.###
##@#....#### #.......#
#.......... #....####
#....##.## ###....###
####....# . ....)....#
#......)## .##....#.#
#..##...).#
............ #...>.#
......[###.# #......#
...##### ..# #......#


You could see a worm.

Vanquished Creatures
  An adder (D:2)
  2 oozes (D:1)
  4 dart slugs
  8 hobgoblins
  3 kobolds (D:1)
  4 frilled lizards (D:1)
  4 goblins
  2 rats (D:1)
28 creatures vanquished.

Notes
Turn   | Place    | Note
-------+----------+-------------------------------------------
     0 | D:1      | Doobh the Demonspawn Transmuter began the quest for the
                  | Orb.
     0 | D:1      | Reached XP level 1. HP: 15/15 MP: 3/3
    88 | D:1      | Gained mutation: You are surrounded by a mild repulsion
                  | field. (EV +2) [demonic ancestry]
    88 | D:1      | Reached XP level 2. HP: 21/21 MP: 3/5
   783 | D:1      | Gained mutation: Your flesh is heat resistant. (rF+)
                  | [demonic ancestry]
   783 | D:1      | Reached XP level 3. HP: 22/26 MP: 4/6
  1767 | D:2      | Slain by a worm

Levels and vault maps discovered:
D:1:      dpeg_arrival_simpleton_c, layout_rooms, serial_co_window_serial,
          co_window_paths_b, co_window_paths_a, co_window_paths_b,
          co_window_of_opportunity_a, co_window_paths_a,
          co_window_unsneaky_path_c, co_window_of_opportunity_c,
          co_window_unsneaky_path_b, co_window_corner_b, co_window_sun,
          co_window_paths_d, hangedman_decor_clover_reticule,
          ebering_dispersal_statue_hall, hangedman_decor_riveting
D:2:      layout_rooms

Skill      XL: |  1  2 |
---------------+-------+-----
Dodging        | 2 |  2.0
Transmutations | 2 |  2.1
Fighting       | |  1.5
Armour         | |  0.9
Stealth        | |  0.8
Unarmed Combat | |  2.8
Spellcasting   | |  2.5

Action                   || total
-------------------------++-------
Melee: Unarmed           ||   100
       Headbutt          ||     8
       Kick              ||    16
 Cast: Beastly Appendage ||    19
  Use: Potion            ||     1
 Stab: Sleeping          ||     2
  Eat: Chunk             ||     3
Armor: Robe              ||    11
Dodge: Dodged            ||    46
